 Dungeon Crawl Stone Soup version 0.24-a0-489-g1c7b743a30 (webtiles) character file.

Game seed: 3684536120807629561

4177 Gildeon the Cleaver (level 10, -11/90 HPs)
             Began as a Minotaur Fighter on July 11, 2019.
             Was a Follower of Ru.
             Mangled by Gastronok (31 damage)
             ... on level 8 of the Dungeon.
             The game lasted 00:19:07 (6862 turns).

Gildeon the Cleaver (Minotaur Fighter)              Turns: 6862, Time: 00:19:07

Health: -11/90     AC: 16    Str: 24    XL:     10   Next: 8%
Magic:  9/9        EV: 12    Int:  5    God:    Ru [*.....]
Gold:   391        SH:  0    Dex: 10    Spells: 9/9 levels left

rFire    + . .     SeeInvis .   a - +6 battleaxe
rCold    . . .     Gourm    .   (shield currently unavailable)
rNeg     . . .     Faith    .   c - +0 plate armour
rPois    .         Spirit   .   (helmet restricted)
rElec    .         Reflect  .   N - +0 cloak
rCorr    .         Harm     .   m - +0 pair of gloves
MR       .....                  (no boots)
Stlth    ..........             B - amulet of magic regeneration
HPRegen  0.25/turn              v - +3 ring of evasion
MPRegen  0.36/turn              K - ring of protection from fire

@: no status effects
A: retaliatory headbutt, horns 2, no stealth, missing an eye
a: Renounce Religion


You were on level 8 of the Dungeon.
You worshipped Ru.
Ru was aware of your devotion.
You were not hungry.

You visited 2 branches of the dungeon, and saw 9 of its levels.

You collected 391 gold pieces.

Inventory:

Hand Weapons
 a - a +6 battleaxe (weapon)
 b - a +0 flail of crushing
Armour
 c - a +0 plate armour (worn)
 m - a +0 pair of gloves (worn)
 N - a +0 cloak (worn)
Jewellery
 v - a +3 ring of evasion (left hand)
 B - an amulet of magic regeneration (around neck)
 F - an uncursed ring of see invisible
 K - a ring of protection from fire (right hand)
Wands
 d - a wand of flame (8)
 y - a wand of iceblast (12)
 C - a wand of polymorph (7)
 G - a wand of disintegration (6)
 J - a wand of paralysis (6)
 L - a wand of random effects (24)
Scrolls
 g - 3 scrolls of teleportation
 i - 2 scrolls of enchant weapon {unknown}
 j - a scroll of immolation {unknown}
 r - 2 scrolls of enchant armour {unknown}
 s - 2 scrolls of amnesia
 t - 2 scrolls of remove curse
 w - 2 scrolls of identify {unknown}
 x - a scroll of noise {unknown}
 A - 2 scrolls of fog {unknown}
 D - a scroll of fear {unknown}
 E - a scroll of magic mapping {unknown}
 I - a scroll of blinking {unknown}
Potions
 e - 2 potions of heal wounds {unknown}
 h - 5 potions of lignification {unknown}
 k - 3 potions of brilliance {unknown}
 l - 3 potions of mutation {unknown}
 n - 3 potions of curing
 o - a potion of magic {unknown}
 p - a potion of flight {unknown}
 q - 2 potions of agility {unknown}
 u - a potion of resistance {unknown}
 z - a potion of invisibility {unknown}
 H - a potion of berserk rage {unknown}
Comestibles
 f - 12 rations
 M - 4 chunks of flesh


   Skills:
 + Level 8.5 Fighting
 * Level 12.3 Axes
 + Level 8.5 Armour
 - Level 5.0 Dodging
   Level 3.6 Shields


You had 9 spell levels left.
You didn't know any spells.
Your spell library was empty.

Dungeon Overview and Level Annotations

Branches:
Dungeon (8/15)             Temple (1/1) D:7
   Lair: D:8-11

Altars:
Ashenzari
Dithmenos
Elyvilon
Fedhas
Kikubaaqudgha
Makhleb
Nemelex Xobeh
Okawaru
Qazlal
Ru
Sif Muna
Trog
Uskayaw
Vehumet
Wu Jian
Xom
Yredelemnul
Zin
The Shining One

Annotations:
D:8 Gastronok, Grum


Innate Abilities, Weirdness & Mutations

You reflexively headbutt those who attack you in melee.
You have a pair of horns on your head.
You cannot be stealthy.
You are missing an eye, making it more difficult to aim.


Message History

Grum hits you with a +1 spear!
You slice Gastronok!!
Gastronok is lightly wounded.
You miss Grum. Grum closely misses you. You furiously retaliate!
You headbutt Grum, but do no damage. Gastronok bites you!!
* * * LOW HITPOINT WARNING * * *
You feel better. Grum hits you but does no damage.
You slash Gastronok!
Gastronok is moderately wounded.
You hit Grum. Grum hits you but does no damage.
Gastronok glows a brilliant shade of cerise.
You slash Gastronok!
Gastronok is moderately wounded.
Your plate armour prevents you from hitting Grum.
Grum barely misses you. You furiously retaliate!
You headbutt Grum. Grum hits you but does no damage.
You slice Gastronok!!
Gastronok is heavily wounded.
You hit Grum. Gastronok bites you!!
You die...

.##. #.... ###
#...# ..
##...##.#
..#.#..# . #
#.#.#.# ..
###.#.#wg.#.#
.#......@....#
.......รท<[..##
.#......[[..#
#..........#
#..........#
#...#....##...
#..#..#..# #.##
...#.##... ...
.. .. .$.. ..


You could see Gastronok and Grum.

Vanquished Creatures
  Prince Ribbit (D:8)
  Grinder (D:6)
  A water moccasin (D:5)
  Duvessa (D:4)
  A sky beast (D:5)
  3 necrophages (D:7)
  4 ogres (D:4)
  2 ice beasts
  A centaur (D:7)
  3 phantoms
  4 wolves
  2 big kobolds
  4 bullfrogs
  Dowan (D:4)
  2 scorpions
  A wyvern skeleton (D:6)
  A water moccasin skeleton (D:5)
  9 wights
  6 hounds
  3 human zombies (D:7)
  5 orc wizards
  An orc priest (D:7)
  A bullfrog skeleton (D:5)
  An iguana (D:8)
  5 worker ants
  2 human skeletons (D:7)
  2 mummies (D:7)
  3 gnolls (D:7)
  16 adders
  A shadow imp (D:6)
  2 worms
  10 leopard geckos
  30 orcs
  6 giant cockroaches
  11 hobgoblins
  A quokka (D:3)
  2 ball pythons
  A ball python skeleton (D:4)
  14 bats
  3 frilled lizards
  8 goblins
  A jackal skeleton (D:4)
  15 kobolds
  An orc skeleton (D:7)
  13 rats
  A plant (D:2)
207 creatures vanquished.

Notes
Turn   | Place    | Note
-------+----------+-------------------------------------------
     0 | D:1      | Gildeon the Minotaur Fighter began the quest for the Orb.
     0 | D:1      | Reached XP level 1. HP: 19/19 MP: 0/0
   137 | D:1      | Reached XP level 2. HP: 27/27 MP: 1/1
   282 | D:1      | Reached skill level 3 in Axes
   331 | D:1      | Reached skill level 1 in Dodging
   578 | D:1      | Reached XP level 3. HP: 33/33 MP: 2/2
   952 | D:2      | Reached XP level 4. HP: 39/40 MP: 3/3
  1088 | D:2      | Found a blossoming altar of Fedhas.
  1217 | D:2      | Reached skill level 4 in Axes
  1364 | D:2      | Found a sacrificial altar of Ru.
  1384 | D:2      | Became a worshipper of Ru the Awakened
  1589 | D:3      | Reached XP level 5. HP: 35/47 MP: 4/4
  1634 | D:3      | Found a shadowy altar of Dithmenos.
  2033 | D:3      | Reached skill level 5 in Axes
  2442 | D:4      | Noticed an ogre
  2445 | D:4      | Killed an ogre
  2445 | D:4      | Reached skill level 5 in Fighting
  2445 | D:4      | Reached XP level 6. HP: 56/56 MP: 5/5
  2521 | D:4      | Reached skill level 5 in Armour
  2581 | D:4      | Reached skill level 6 in Axes
  2589 | D:4      | Gained mutation: You are missing an eye, making it more
                  | difficult to aim. [Ru sacrifice]
  2589 | D:4      | Reached * piety under Ru
  2718 | D:4      | Noticed Duvessa
  2718 | D:4      | Noticed Dowan
  2735 | D:4      | Killed Duvessa
  2735 | D:4      | Reached XP level 7. HP: 45/61 MP: 6/6
  2747 | D:4      | Killed Dowan
  2747 | D:4      | Reached skill level 7 in Axes
  2801 | D:4      | Found a white marble altar of Elyvilon.
  3103 | D:5      | Entered Level 5 of the Dungeon
  3130 | D:5      | Reached skill level 8 in Axes
  3149 | D:4      | Reached skill level 5 in Dodging
  3149 | D:4      | Reached XP level 8. HP: 15/68 MP: 7/7
  3528 | D:5      | Reached skill level 9 in Axes
  4370 | D:6      | Reached skill level 10 in Axes
  4502 | D:6      | Noticed Grinder
  4516 | D:6      | Paralysed by Grinder for 5 turns
  4527 | D:6      | Killed Grinder
  4590 | D:6      | Reached XP level 9. HP: 74/78 MP: 8/8
  4739 | D:6      | Gained mutation: You cannot be stealthy. [Ru sacrifice]
  5682 | D:7      | Reached skill level 11 in Axes
  5776 | D:7      | Found a basalt altar of Yredelemnul.
  5896 | D:7      | Found a staircase to the Ecumenical Temple.
  5907 | Temple   | Entered the Ecumenical Temple
  6495 | D:8      | Noticed Prince Ribbit
  6504 | D:8      | Noticed Grum
  6505 | D:8      | Reached skill level 12 in Axes
  6508 | D:8      | Noticed Gastronok
  6509 | D:8      | Killed Prince Ribbit
  6518 | D:8      | Reached XP level 10. HP: 51/90 MP: 9/9
  6862 | D:8      | Mangled by Gastronok

Levels and vault maps discovered:
D:1:      giann_bridges, layout_basic
D:2:      minmay_evil_eye, layout_basic, lemuel_round_altar,
          nicolae_ru_the_path_less_chosen
D:3:      layout_loops_ring, grunt_dithmenos_smoke_and_mirrors, first_ration,
          minmay_joined_circles
D:4:      layout_loops_ring, grunt_decor_cap, elyvilon_altar_5, uniq_duvessa
D:5:      layout_loops_ring
D:6:      layout_layer_cave, uniq_grinder
D:7:      layout_basic, lemuel_mausoleum_altar_yredelemnul,
          minmay_temple_entry_fiery, hangedman_decor_lopped
D:8:      layout_rooms, kennysheep_mini, lair_entry_dummy, serial_shops, shop,
          uniq_psyche, uniq_prince_ribbit1, uniq_grum, uniq_gastronok
Temple:   regret_index_temple_sphere_string

Skill      XL: |  1  2  3  4  5  6  7  8  9 |
---------------+----------------------------+-----
Axes           | 3 4 5 6 8 10 12 | 12.3
Dodging        | 1 2 3 5 |  5.0
Fighting       | 4 5 6 8 |  8.5
Armour         | 4 5 6 8 |  8.5
Shields        | |  3.6

Action                   |  1- 3 |  4- 6 |  7- 9 | 10-12 || total
-------------------------+-------+-------+-------+-------++-------
Melee: War axe           |    99 |   127 |   275 |       ||   501
       Headbutt          |     8 |    23 |    42 |     2 ||    75
       Battleaxe         |       |       |   119 |    25 ||   144
Invok: Sacrifice an Eye  |       |     1 |       |       ||     1
       Sacrifice Stealth |       |       |     1 |       ||     1
  Use: Potion            |       |     2 |       |     1 ||     3
       Scroll            |       |       |     4 |       ||     4
 Stab: Distracted        |       |       |     2 |       ||     2
  Eat: Chunk             |       |     4 |     7 |     2 ||    13
       Ration            |       |     1 |     1 |       ||     2
Armor: Scale mail        |    72 |    36 |       |       ||   108
       Plate armour      |       |    10 |   222 |    20 ||   252
Dodge: Dodged            |    73 |    82 |   209 |    29 ||   393

Table legend:
 A = Non-vault XP
 B = Vault XP
 C = Vault XP percentage of total XP
 D = Non-vault monster count
 E = Vault monster count
 F = Vault count percentage of total count
                 A         B        C        D         E       F
            +---------+---------+-------+---------+---------+-------
      Total |    3997 |    1971 |  33.0 |     173 |      33 |  16.0
            +---------+---------+-------+---------+---------+-------
        D:1 |      44 |       0 |   0.0 |      29 |       0 |   0.0
        D:2 |      85 |       3 |   3.4 |      21 |       3 |  12.5
        D:3 |     160 |      56 |  25.9 |      21 |      10 |  32.3
        D:4 |     728 |     221 |  23.3 |      18 |       2 |  10.0
        D:5 |    1049 |       0 |   0.0 |      27 |       0 |   0.0
        D:6 |     359 |     267 |  42.7 |      13 |       1 |   7.1
        D:7 |    1159 |     908 |  43.9 |      36 |      14 |  28.0
        D:8 |     413 |     516 |  55.5 |       8 |       3 |  27.3
            +---------+---------+-------+---------+---------+-------
